 Dungeon Crawl Stone Soup version 0.25-a0-942-g87a53962fc (webtiles) character file.

Game seed: 16652997921869624561, levelgen mode: classic

1071 Amnesiac the Destroyer (level 8, 0/41 HPs)
             Began as a Deep Elf Wizard on May 7, 2020.
             Was a Follower of Vehumet.
             Succumbed to a water moccasin's poison
             ... on level 7 of the Dungeon.
             The game lasted 00:13:29 (7607 turns).

Amnesiac the Destroyer (Deep Elf Wizard)            Turns: 7607, Time: 00:13:30

Health: 0/41       AC:  5    Str:  8    XL:     8   Next: 7%
Magic:  10/29      EV: 13    Int: 26    God:    Vehumet [*.....]
Gold:   392        SH:  0    Dex: 13    Spells: 10/21 levels left

rFire    + . .     SeeInvis .   a - +8 short sword of Daefask {drain, *Noise rElec rN+ Str+4}
rCold    . . .     Gourm    .   (no shield)
rNeg     + . .     Faith    .   r - +0 robe
rPois    .         Spirit   .   (no helmet)
rElec    +         Reflect  .   g - +0 cloak
rCorr    .         Harm     .   B - +1 pair of gloves
MR       .....                  (no boots)
Stlth    ++........             x - amulet of rage
HPRegen  0.13/turn              f - ring of magical power
MPRegen  0.21/turn              n - ring of protection from fire

@: lethally poisoned (0 -> -13), marked, stab
A: claws 1, talons 1
a: Renounce Religion, Evoke Berserk Rage


You were on level 7 of the Dungeon.
You worshipped Vehumet.
Vehumet was aware of your devotion.
You were not hungry.

You visited 2 branches of the dungeon, and saw 8 of its levels.

You collected 392 gold pieces.

Inventory:

Hand Weapons
 a - the +8 short sword of Daefask (weapon) {drain, *Noise rElec rN+ Str+4}
   (You took it off an orc on level 4 of the Dungeon)

   A truly terrible weapon, it drains the life of those it strikes.
   It affects your strength (+4).
   It insulates you from electricity.
   It protects you from negative energy.
   It may make noises in combat.
Armour
 g - a +0 cloak (worn)
 r - a +0 robe (worn)
 B - a +1 pair of gloves (worn)
Jewellery
 f - a ring of magical power (left hand)
 n - a ring of protection from fire (right hand)
 x - an amulet of rage (around neck)
Wands
 e - a wand of digging (7)
 k - a wand of paralysis (7)
 l - a wand of flame (16)
 s - a wand of disintegration (10)
Scrolls
 b - a scroll of holy word {!r, unknown}
 c - a scroll of enchant armour {!r}
 h - a scroll of blinking {!r, unknown}
 i - 3 scrolls of remove curse {!r}
 m - a scroll of amnesia {!r}
 t - 3 scrolls of teleportation {!r}
 u - a scroll of magic mapping {!r}
 w - 2 scrolls of fear {!r}
 y - 2 scrolls of fog {!r}
Potions
 o - a potion of haste {!q, unknown}
 p - a potion of brilliance {!q, unknown}
 q - a potion of flight {!q, unknown}
 v - a potion of cancellation {!q, unknown}
Comestibles
 d - 11 rations
 z - 3 chunks of flesh


   Skills:
 - Level 3.0 Dodging
 - Level 3.0 Stealth
 + Level 7.0 Spellcasting
 * Level 8.0 Conjurations
 - Level 1.1 Summonings
 - Level 1.1 Translocations
 + Level 3.9 Evocations


You had 10 spell levels left.
You knew the following spells:

 Your Spells              Type           Power        Failure   Level  Hunger
a - Magic Dart            Conj           ####         1%          1    None
b - Call Imp              Summ           ##......     6%          2    None
e - Mephitic Cloud        Conj/Pois/Air  ###.....     6%          3    None
s - Conjure Flame         Conj/Fire      ####....     3%          3    None
v - Blink                 Tloc           N/A          6%          2    None

Your spell library contained the following spells:

 Spells                   Type           Power        Failure   Level  Hunger
 Foxfire                  Conj/Fire      ####         1%          1    None
 Apportation              Tloc           ##....       4%          1    None
 Summon Small Mammal      Summ           ##..         4%          1    None
 Animate Skeleton         Necr           N/A          6%          1    None
 Beastly Appendage        Tmut           #.....       6%          1    None
 Corona                   Hex            #......      6%          1    None
 Slow                     Hex            #.......     10%         2    None
 Sticks to Snakes         Tmut           #.......     10%         2    None
 Spider Form              Tmut/Pois      #.........   19%         3    None
 Ice Form                 Ice/Tmut       #.......     52%         4    ###....
 Blade Hands              Tmut           #.........   86%         5    #####..


Dungeon Overview and Level Annotations

Branches:
Dungeon (7/15)             Temple (1/1) D:5

Altars:
Ashenzari
Cheibriados
Dithmenos
Elyvilon
Fedhas
Gozag
Hepliaklqana
Makhleb
Nemelex Xobeh
Okawaru
Qazlal
Sif Muna
Trog
Vehumet
Wu Jian
Xom
Yredelemnul
Zin
The Shining One

Portals:
Abyss: D:4

Annotations:
D:2 exclusion: 2 downstairs
D:4 2 transporters, kae's ghost, novice MfIE


Innate Abilities, Weirdness & Mutations

You have sharp fingernails.
You have sharp toenails.


Message History

The water moccasin bites you.
Casting: Call Imp (safe; 6% risk of failure)
Confirm with . or Enter, or press ? or * to list all spells.
A shadowy apparition takes form in the air.
The water moccasin closely misses you.
The worker ant closely misses your crimson imp.
The water moccasin bites you.
Casting: Call Imp (safe; 6% risk of failure)
Confirm with . or Enter, or press ? or * to list all spells.
A beastly little devil appears in a puff of flame.
The worker ant bites your crimson imp but does no damage.
The water moccasin barely misses you.
The worker ant barely misses something.
The worker ant bites something.
The water moccasin bites you.
You are poisoned.
The water moccasin poisons you!
Your crimson imp blinks!
You feel sick. Something hits your crimson imp! The water moccasin bites you.
Your crimson imp blinks!
You feel sick.
Something hits your shadow imp but does no damage.
The water moccasin bites you!
* * * LOW HITPOINT WARNING * * *
You are lethally poisoned!
The water moccasin poisons you!
Something barely misses your shadow imp.
Unknown command.
* * * LOW HITPOINT WARNING * * *
You feel sick.
Unknown command.
* * * LOW HITPOINT WARNING * * *
You feel sick.
The water moccasin barely misses your crimson imp.
A howler monkey comes into view.
Really quaff
j - a silvery potion {!q}?
It was a potion of stabbing {!q}.
You feel ready to backstab.
* * * LOW HITPOINT WARNING * * *
You feel sick.
The water moccasin bites your crimson imp. x2
Your crimson imp blinks!
Really read
t - 4 scrolls of teleportation {!r}?
As you read the scroll of teleportation {!r}, it crumbles to dust.
You feel strangely unstable.
* * * LOW HITPOINT WARNING * * *
You feel sick. The orc barely misses your crimson imp.
The water moccasin barely misses your crimson imp.
The worker ant bites your shadow imp but does no damage.
Okay, then.
Okay, then.
* * * LOW HITPOINT WARNING * * *
You feel sick.
The water moccasin bites your crimson imp.
The worker ant bites your shadow imp.
Your shadow imp gestures at the worker ant.
The worker ant writhes in agony.
The water moccasin barely misses your crimson imp.
* * * LOW HITPOINT WARNING * * *
You feel sick. The worker ant bites your shadow imp.
Your shadow imp dies!
* * * LOW HITPOINT WARNING * * *
You feel sick.
Your surroundings suddenly seem different.
You die...

### #.. #.# ##
#.# ..
.######.#.###.#
.......@....>.#
.######.#.##..#
#.# # #.. ##.
.. .. #..


There were no monsters in sight!

Vanquished Creatures
  An orc warrior (D:6)
  A phantom (D:6)
  An ogre (D:6)
  2 scorpions
  A crimson imp (D:5)
  A bullfrog zombie (D:6)
  5 hounds
  2 orc priests
  A centaur skeleton (D:6)
  3 worker ants
  A hound skeleton (D:7)
  10 adders
  An adder skeleton (D:5)
  3 worms
  A dart slug (D:2)
  3 leopard geckos
  16 orcs
  6 giant cockroaches
  6 goblins
  5 hobgoblins
  9 jackals
  4 quokkas
  11 bats
  10 frilled lizards
  6 kobolds
  A quokka zombie (D:6)
  8 rats
119 creatures vanquished.

Vanquished Creatures (collateral kills)
  A water moccasin (D:6)
  An orc priest (D:3)
  A worm (D:2)
  An orc (D:4)
4 creatures vanquished.

Grand Total: 123 creatures vanquished

Notes
Turn   | Place    | Note
-------+----------+-------------------------------------------
     0 | D:1      | Amnesiac the Deep Elf Wizard began the quest for the Orb.
     0 | D:1      | Reached XP level 1. HP: 10/10 MP: 7/7
   466 | D:2      | Reached XP level 2. HP: 15/15 MP: 6/9
   475 | D:2      | Learned a level 2 spell: Blink
   485 | D:2      | Learned a level 2 spell: Call Imp
   504 | D:2      | Reached skill level 2 in Conjurations
   922 | D:2      | Found a basalt altar of Yredelemnul.
   927 | D:2      | Found a shattered altar of Ashenzari.
   927 | D:2      | Found a stormy altar of Qazlal.
   929 | D:2      | Found a hazy altar of Hepliaklqana.
   930 | D:2      | Found an opulent altar of Gozag.
   931 | D:2      | Found a bloodstained altar of Trog.
  1226 | D:2      | Reached skill level 3 in Conjurations
  1226 | D:2      | Reached XP level 3. HP: 19/19 MP: 7/11
  1234 | D:2      | Learned a level 3 spell: Conjure Flame
  1238 | D:2      | Learned a level 3 spell: Mephitic Cloud
  1679 | D:3      | Reached skill level 4 in Conjurations
  1881 | D:3      | Reached XP level 4. HP: 24/24 MP: 9/12
  2490 | D:3      | Reached XP level 5. HP: 8/28 MP: 2/14
  2777 | D:4      | Reached skill level 5 in Conjurations
  2819 | D:4      | Reached skill level 5 in Spellcasting
  2848 | D:4      | Found a one-way gate to the infinite horrors of the Abyss.
  2848 | D:4      | Noticed kae's ghost (novice MfIE)
  2861 | D:4      | Found a transporter.
  2883 | D:4      | Found a transporter.
  3031 | D:4      | Identified the +8 short sword of Daefask {drain, *Noise
                  | rElec rN+ Str+4}
  3045 | D:4      | Reached skill level 1 in Evocations
  3047 | D:4      | Reached XP level 6. HP: 30/32 MP: 10/15
  3290 | D:4      | Found a snail-covered altar of Cheibriados.
  3805 | D:5      | Entered Level 5 of the Dungeon
  3869 | D:5      | Reached skill level 6 in Conjurations
  3990 | D:5      | Found a staircase to the Ecumenical Temple.
  4000 | Temple   | Entered the Ecumenical Temple
  4132 | Temple   | Became a worshipper of Vehumet
  5853 | D:5      | Found a glowing silver altar of Zin.
  5853 | D:5      | Found a glowing golden altar of the Shining One.
  5853 | D:5      | Found a white marble altar of Elyvilon.
  6414 | D:6      | Noticed a water moccasin
  6420 | D:6      | Killed a water moccasin
  6431 | D:5      | Gained mutation: You have sharp fingernails. [potion of
                  | mutation]
  6431 | D:5      | Gained mutation: You have sharp toenails. [potion of
                  | mutation]
  6433 | D:5      | HP: 1/32 [poisoned by a water moccasin]
  6473 | D:6      | Reached XP level 7. HP: 25/36 MP: 16/18
  6779 | D:6      | Reached skill level 7 in Conjurations
  7499 | D:7      | Reached XP level 8. HP: 41/41 MP: 20/20
  7522 | D:7      | Reached * piety under Vehumet
  7522 | D:7      | Offered knowledge of Foxfire by Vehumet.
  7587 | D:7      | Reached skill level 8 in Conjurations
  7606 | D:7      | HP: 2/41 [poisoned by a water moccasin]
  7607 | D:7      | Succumbed to a water moccasin's poison

Levels and vault maps discovered:
D:1:      psy_arrival_radial01, layout_basic
D:2:      layout_loops_corners, minitemple
D:3:      layout_rooms, serial_bayou_pond_d
D:4:      layout_loops_cross, cheibriados_altar_1,
          gammafunk_ghost_abyssal_escape, first_ration
D:5:      layout_loops_ring, good_gods_mini_temple,
          minmay_temple_entry_overgrown, minmay_door_square
D:6:      layout_rooms
D:7:      layout_basic
Temple:   nicolae_temple_figure_zero

Skill      XL: |  1  2  3  4  5  6  7  8 |
---------------+-------------------------+-----
Conjurations   | 3 4 5 6 7 8 |  8.0
Stealth        | 3 |  3.0
Dodging        | 3 |  3.0
Spellcasting   | 5 6 7 |  7.0
Evocations     | 1 2 3 |  3.9
Summonings     | |  1.1
Translocations | |  1.1

Action                   |  1- 3 |  4- 6 |  7- 9 || total
-------------------------+-------+-------+-------++-------
Melee: Unarmed           |     1 |     6 |       ||     7
       Short sword       |       |     9 |     7 ||    16
       Kick              |       |       |     1 ||     1
 Cast: Magic Dart        |    89 |   170 |    93 ||   352
       Call Imp          |     4 |     7 |     3 ||    14
       Mephitic Cloud    |       |     4 |     2 ||     6
       Conjure Flame     |       |     1 |       ||     1
  Use: Scroll            |       |    10 |     1 ||    11
       Potion            |       |     5 |     1 ||     6
 Stab: Confused          |       |     1 |     2 ||     3
  Eat: Chunk             |     2 |    14 |     4 ||    20
Armor: Robe              |       |     8 |     9 ||    17
Dodge: Dodged            |    11 |    42 |    31 ||    84

Table legend:
 A = Non-vault XP
 B = Vault XP
 C = Vault XP percentage of total XP
 D = Non-vault monster count
 E = Vault monster count
 F = Vault count percentage of total count
                 A         B        C        D         E       F
            +---------+---------+-------+---------+---------+-------
      Total |    1530 |       0 |   0.0 |     123 |       0 |   0.0
            +---------+---------+-------+---------+---------+-------
        D:1 |      23 |       0 |   0.0 |      14 |       0 |   0.0
        D:2 |      79 |       0 |   0.0 |      28 |       0 |   0.0
        D:3 |     133 |       0 |   0.0 |      28 |       0 |   0.0
        D:4 |     243 |       0 |   0.0 |      18 |       0 |   0.0
        D:5 |     141 |       0 |   0.0 |       8 |       0 |   0.0
        D:6 |     800 |       0 |   0.0 |      18 |       0 |   0.0
        D:7 |     111 |       0 |   0.0 |       9 |       0 |   0.0
            +---------+---------+-------+---------+---------+-------
